[Event "Titled Tuesday Blitz July 18 Late 2023"]
[White "Barwinska, Ewa"]
[Black "Gatineau, Yovann"]
[WhiteFideId "21833761"]
[BlackFideId "26028999"]
[WhiteElo "2308"]
[BlackElo "2559"]
[Result "0-1"]
[Round "2"]
[TimeControl "180+2"]
[Date "2023.07.18"]
[WhiteClock "0:00:01"]
[BlackClock "0:00:06"]
[Board "104"]

1. e4 c5 2. b3 Nf6 3. e5 Nd5 4. c4 Nc7 5. Bb2 Nc6 6. Nf3 d5 7. exd6 Qxd6 8. d4 cxd4 9. Nxd4 e5 10. Nxc6 Qxc6 11. Bxe5 Bb4+ 12. Bc3 Bxc3+ 13. Nxc3 O-O 14. Qf3 Re8+ 15. Be2 Qxf3 16. gxf3 Ne6 17. O-O-O Nf4 18. Rhe1 Bf5 19. Bf1 g5 20. Ne4 Bxe4 21. fxe4 Re7 22. f3 Kg7 23. Kc2 h5 24. Be2 Rae8 25. Kc3 f5 26. Bd3 Kf6 27. Bb1 h4 28. Rd6+ Re6 29. exf5 Rxd6 30. Rxe8 Rd1 31. Bc2 Rf1 32. Be4 Rf2 33. Rf8+ Kg7 34. Rb8 Rxh2 35. Rxb7+ Kf6 36. Rxa7 h3 37. Ra6+ Kf7 38. Ra7+ Kf6 39. Rh7 Rxa2 40. c5 Ra1 41. c6 Rc1+ 42. Kd2 Rc5 43. b4 Rc4 44. c7 Ke5 45. b5 Rd4+ 46. Ke1 Ng2+ 47. Kf2 Rd2+ 48. Kg3 Nf4 49. Kg4 Rg2# 0-1


[Site "https://www.chess.com"]

[Event "Titled Tuesday Blitz July 18 Late 2023"]
[White "Schut, Han"]
[Black "Grinev, Valeriy"]
[WhiteFideId "1005561"]
[BlackFideId "14117517"]
[WhiteElo "2271"]
[BlackElo "2552"]
[Result "0-1"]
[Round "2"]
[TimeControl "180+2"]
[Date "2023.07.18"]
[WhiteClock "0:01:33"]
[BlackClock "0:01:51"]
[Board "105"]

1. e4 e5 2. Nf3 Nc6 3. Bc4 Nf6 4. d4 exd4 5. e5 d5 6. Bb5 Ne4 7. Nxd4 Bc5 8. Be3 O-O 9. Nxc6 bxc6 10. Bxc5 Nxc5 11. Bxc6 Rb8 12. Qxd5 Qg5 13. Qxc5 Qc1+ 14. Ke2 Ba6+ 15. Kf3 Qxh1 16. Qxa7 Qd1+ 17. Kg3 Qxc2 18. Nc3 Qxb2 0-1


[Site "https://www.chess.com"]

[Event "Titled Tuesday Blitz July 18 Late 2023"]
[White "Rottenwohrer Suarez, Juan"]
[Black "StarkyNZ"]
[WhiteFideId "32068182"]
[WhiteElo "2546"]
[BlackElo "2287"]
[Result "0-1"]
[Round "2"]
[TimeControl "180+2"]
[Date "2023.07.18"]
[WhiteClock "0:00:00"]
[BlackClock "0:00:54"]
[Board "106"]

1. e4 c6 2. d4 d5 3. exd5 cxd5 4. Bd3 Nc6 5. Ne2 g6 6. O-O Nh6 7. c3 Bg7 8. Bg5 f6 9. Be3 O-O 10. h3 Nf5 11. Nd2 Nxe3 12. fxe3 e5 13. Qb3 Bh6 14. Rf3 Na5 15. Qb5 e4 16. Nxe4 a6 17. Qc5 b6 18. Qd6 dxe4 19. Qxd8 Rxd8 20. Bxe4 Ra7 21. Rxf6 Bxe3+ 22. Kh1 Re7 23. Bd3 b5 24. Raf1 Nc4 25. b3 Nd2 26. Rd1 Bg5 27. Rf2 Bb7 28. Ng3 Re3 29. Rdxd2 Rxg3 30. Rd1 Rxh3+ 31. Kg1 Rg3 32. Kh2 Re3 33. Bf1 Rxc3 34. Kg1 Be3 0-1


[Site "https://www.chess.com"]

[Event "Titled Tuesday Blitz July 18 Late 2023"]
[White "Silva, Caio Henrique Angelico"]
[Black "Djordjevic, Dejan N"]
[WhiteFideId "22777210"]
[BlackFideId "913316"]
[WhiteElo "2514"]
[BlackElo "2063"]
[Result "0-1"]
[Round "2"]
[TimeControl "180+2"]
[Date "2023.07.18"]
[WhiteClock "0:01:10"]
[BlackClock "0:01:31"]
[Board "107"]

1. Nf3 Nf6 2. g3 g6 3. Bg2 Bg7 4. O-O O-O 5. c4 d6 6. d4 Nc6 7. Nc3 a6 8. e4 Bd7 9. d5 Na5 10. Qd3 c5 11. a3 b5 12. cxb5 c4 13. Qc2 axb5 14. Be3 Nb3 15. Rad1 Qb8 16. Nd4 Nxd4 17. Bxd4 b4 18. axb4 Qxb4 19. f4 Rfb8 20. Ne2 Ng4 21. Bxg7 Kxg7 22. Rf3 Qxb2 23. Qxc4 Kg8 24. Nd4 Ra2 25. Qf1 Rb4 26. Rfd3 Ba4 27. Re1 Rxd4 0-1


[Site "https://www.chess.com"]

[Event "Titled Tuesday Blitz July 18 Late 2023"]
[White "Oparin, Grigoriy"]
[Black "Djabri, Massinas"]
[WhiteFideId "24125890"]
[BlackFideId "7905726"]
[WhiteElo "2981"]
[BlackElo "2397"]
[Result "1-0"]
[Round "2"]
[TimeControl "180+2"]
[Date "2023.07.18"]
[WhiteClock "0:00:27"]
[BlackClock "0:00:04"]
[Board "108"]

1. e4 c5 2. Nf3 d6 3. d4 cxd4 4. Nxd4 Nf6 5. Nc3 a6 6. g3 e5 7. Nf3 Be7 8. Nh4 O-O 9. Bg2 b5 10. Nf5 b4 11. Nd5 Nxd5 12. Qxd5 Ra7 13. Be3 Be6 14. Qd2 Rb7 15. O-O Nc6 16. Rfd1 Rd7 17. a3 Bxf5 18. exf5 d5 19. axb4 Nxb4 20. c3 Nc6 21. Rxa6 Nb8 22. Ra8 d4 23. cxd4 exd4 24. Bf4 Qb6 25. Rc1 Bb4 26. Qd3 Rfd8 27. f6 g6 28. h4 Bd6 29. Bg5 Be5 30. Rc2 Bxf6 31. Rxb8 Rxb8 32. Rc6 Qb5 33. Qxb5 Rxb5 34. Bxf6 Rb8 35. Rc2 d3 36. Rd2 Rc8 37. Bf1 Rc2 38. Rxd3 Rxd3 39. Bxd3 Rd2 40. Be4 1-0


[Site "https://www.chess.com"]

[Event "Titled Tuesday Blitz July 18 Late 2023"]
[White "Sjugirov, Sanan"]
[Black "Yolosz"]
[WhiteFideId "4189302"]
[WhiteElo "2934"]
[BlackElo "2397"]
[Result "1-0"]
[Round "2"]
[TimeControl "180+2"]
[Date "2023.07.18"]
[WhiteClock "0:02:54"]
[BlackClock "0:00:21"]
[Board "109"]

1. e4 c5 2. Nf3 Nc6 3. Bb5 d6 4. O-O Bd7 5. Re1 e5 6. c3 Be7 7. d4 cxd4 8. cxd4 Nxd4 9. Bxd7+ Qxd7 10. Nxd4 exd4 11. Qxd4 Bf6 12. Qd3 Ne7 13. Nc3 O-O 14. e5 Bh4 15. g3 Qg4 16. Re4 Qg6 17. Qxd6 1-0


[Site "https://www.chess.com"]

[Event "Titled Tuesday Blitz July 18 Late 2023"]
[White "Cordova, Emilio"]
[Black "Yordanov, Nikolay Plamenov"]
[WhiteFideId "3801497"]
[BlackFideId "2907445"]
[WhiteElo "2843"]
[BlackElo "2397"]
[Result "1-0"]
[Round "2"]
[TimeControl "180+2"]
[Date "2023.07.18"]
[WhiteClock "0:00:14"]
[BlackClock "0:00:08"]
[Board "110"]

1. e4 c5 2. b4 cxb4 3. a3 Nc6 4. axb4 Nxb4 5. c3 Nc6 6. d4 d5 7. exd5 Qxd5 8. Nf3 Bg4 9. Be2 e6 10. O-O Nf6 11. h3 Bh5 12. c4 Qd8 13. Bb2 Be7 14. Nc3 O-O 15. d5 exd5 16. Nxd5 Nb4 17. Bxf6 Nxd5 18. Bxg7 Kxg7 19. cxd5 Bf6 20. Ra4 Kh8 21. Qb3 b6 22. Bb5 Qd6 23. Bc6 Rad8 24. Rxa7 Rg8 25. Nd2 Be5 26. Ne4 Qg6 27. Ng3 Rg7 28. Re1 Bd4 29. Rae7 Rdg8 30. R7e3 Qd6 31. Kh1 Bg6 32. Rf3 Bc5 33. Qc3 Bb4 34. Qc1 Bxe1 35. Qxe1 Qd8 36. Qc3 Qd6 37. Rf6 Qe7 38. Kh2 Bb1 39. Rf3 Bg6 40. Qd4 h5 41. Qxb6 Kh7 42. Qd4 h4 43. Ne2 Qxe2 44. Qxh4+ Bh5 45. Qxh5# 1-0


[Site "https://www.chess.com"]

[Event "Titled Tuesday Blitz July 18 Late 2023"]
[White "Bachmann, Axel"]
[Black "Chabris, Christopher"]
[WhiteFideId "3700488"]
[BlackFideId "2005263"]
[WhiteElo "2833"]
[BlackElo "2397"]
[Result "1-0"]
[Round "2"]
[TimeControl "180+2"]
[Date "2023.07.18"]
[WhiteClock "0:01:56"]
[BlackClock "0:00:00"]
[Board "111"]

1. e4 e5 2. Nf3 Nc6 3. Bb5 a6 4. Ba4 Nf6 5. Bxc6 dxc6 6. d3 Bd6 7. Nbd2 O-O 8. Nc4 Nd7 9. a4 a5 10. O-O f6 11. Nh4 Nb6 12. Nxd6 cxd6 13. d4 Qc7 14. b3 Be6 15. c4 Rad8 16. Be3 c5 17. d5 Bf7 18. Nf5 Kh8 19. f4 Nd7 20. Qg4 Bg6 21. Nh4 Bxe4 22. fxe5 f5 23. Nxf5 Bxf5 24. Rxf5 Nxe5 25. Qf4 Qe7 26. Rf1 Kg8 27. Bd2 b6 28. Bc3 Ng6 29. Qg3 Qe2 30. h4 Rde8 31. h5 Ne5 32. Bxe5 dxe5 33. Rxf8+ Rxf8 34. Rxf8+ Kxf8 35. Qf2+ Qxf2+ 36. Kxf2 Ke7 37. Kf3 Kd6 38. Ke4 g6 39. hxg6 hxg6 40. g3 g5 41. Kf5 1-0


[Site "https://www.chess.com"]

[Event "Titled Tuesday Blitz July 18 Late 2023"]
[White "Zenin, Dmitry"]
[Black "Troff, Kayden"]
[WhiteFideId "4127897"]
[BlackFideId "2047896"]
[WhiteElo "2395"]
[BlackElo "2811"]
[Result "1-0"]
[Round "2"]
[TimeControl "180+2"]
[Date "2023.07.18"]
[WhiteClock "0:01:34"]
[BlackClock "0:00:33"]
[Board "112"]

1. d4 Nf6 2. c4 g6 3. Nc3 d5 4. cxd5 Nxd5 5. e4 Nxc3 6. bxc3 Bg7 7. Nf3 c5 8. Bb5+ Nc6 9. Rb1 O-O 10. d5 a6 11. Be2 Na7 12. c4 Qa5+ 13. Bd2 Qxa2 14. O-O b5 15. Be3 bxc4 16. Bxc5 Nb5 17. Rc1 Nc3 18. Rxc3 Bxc3 19. Bxe7 Re8 20. d6 Bd7 21. Qd5 Be6 22. Qd1 Ra7 23. Ng5 Rd7 24. Nxe6 Rexe7 25. dxe7 Rxe7 1-0


[Site "https://www.chess.com"]

[Event "Titled Tuesday Blitz July 18 Late 2023"]
[White "Leiva, Gianmarco"]
[Black "Al Mukhaini, Shima"]
[WhiteFideId "3804399"]
[BlackFideId "22005854"]
[WhiteElo "2731"]
[BlackElo "2393"]
[Result "0-1"]
[Round "2"]
[TimeControl "180+2"]
[Date "2023.07.18"]
[WhiteClock "0:00:04"]
[BlackClock "0:01:16"]
[Board "113"]

1. e4 d5 2. exd5 Nf6 3. Nf3 Qxd5 4. d4 Bg4 5. Be2 Nc6 6. Nc3 Qa5 7. h3 Bh5 8. Be3 O-O-O 9. Nd2 Bxe2 10. Qxe2 Nxd4 11. Bxd4 Rxd4 12. Nb3 Qb6 13. Nxd4 Qxd4 14. Rd1 Qb4 15. Qd3 Qd6 16. Qf5+ e6 17. Rxd6 exf5 18. Rd3 Bd6 19. O-O a6 20. Re1 g6 21. Kf1 Rd8 22. Nd5 Nxd5 23. Rxd5 b5 24. g4 f4 25. Kg2 Kb7 26. Kf3 Kc6 27. Rd3 a5 28. a4 bxa4 29. Ra1 Rb8 30. Rxa4 Rxb2 31. Rxa5 Rxc2 32. Ra6+ Kb7 33. Raxd6 cxd6 34. Rxd6 Kc8 35. Rf6 Rc7 36. Kxf4 Kd8 37. Kg5 Ke7 38. Ra6 Rc3 39. Ra7+ Kf8 40. f4 Kg7 41. f5 h6+ 42. Kf4 g5+ 43. Ke4 Rxh3 44. f6+ Kg6 45. Ra6 Rg3 46. Ke5 Rxg4 47. Kd6 Kxf6 48. Kd7+ Kg7 49. Rd6 Re4 50. Rd2 Re6 51. Rf2 Kg6 52. Rf1 h5 53. Kd8 h4 54. Rb1 g4 55. Kd7 Re4 56. Rb8 Kg7 57. Rb5 f6 58. Rh5 g3 59. Kd6 g2 60. Kd5 Re5+ 61. Kd6 Rxh5 62. Kd7 Re5 63. Kd6 g1=Q 64. Kc7 Qd4 65. Kc6 Rc5+ 66. Kb7 Qb4+ 67. Ka6 Ra5# 0-1


[Site "https://www.chess.com"]

[Event "Titled Tuesday Blitz July 18 Late 2023"]
[White "Hoffmann, Asa"]
[Black "Velikanov, Alexander"]
[WhiteFideId "2001470"]
[BlackFideId "2039290"]
[WhiteElo "2393"]
[BlackElo "2692"]
[Result "0-1"]
[Round "2"]
[TimeControl "180+2"]
[Date "2023.07.18"]
[WhiteClock "0:00:10"]
[BlackClock "0:00:30"]
[Board "114"]

1. d4 g6 2. e4 Bg7 3. Be3 Nf6 4. f3 d5 5. e5 Nfd7 6. Qd2 c5 7. c3 Nc6 8. Ne2 f6 9. f4 O-O 10. h4 fxe5 11. fxe5 Ndxe5 12. dxe5 Nxe5 13. Na3 b6 14. O-O-O Ng4 15. h5 e5 16. hxg6 hxg6 17. Bg5 Bf6 18. Bxf6 Qxf6 19. Rh3 e4 20. Qxd5+ Be6 21. Qxe4 Nf2 22. Qh4 Qxh4 23. Rxh4 Nxd1 24. Nf4 g5 25. Rh5 Rxf4 26. Rxg5+ Kf7 27. Be2 Ne3 28. Bf3 Rd8 29. Nb5 Rxf3 0-1


[Site "https://www.chess.com"]

[Event "Titled Tuesday Blitz July 18 Late 2023"]
[White "Bashirli, Nail"]
[Black "Lalanne, Pablo"]
[WhiteFideId "13406809"]
[BlackFideId "112151"]
[WhiteElo "2675"]
[BlackElo "2382"]
[Result "1-0"]
[Round "2"]
[TimeControl "180+2"]
[Date "2023.07.18"]
[WhiteClock "0:00:10"]
[BlackClock "0:00:03"]
[Board "115"]

1. d4 Nf6 2. Nf3 e6 3. c4 d5 4. g3 Bb4+ 5. Bd2 Be7 6. Bg2 O-O 7. O-O c6 8. Qc2 Nbd7 9. Rc1 b6 10. Nc3 Bb7 11. e4 dxe4 12. Nxe4 c5 13. Nxf6+ Nxf6 14. dxc5 Be4 15. Qc3 Bxc5 16. Be3 Qe7 17. Bxc5 Qxc5 18. b4 Qh5 19. h3 Rfd8 20. g4 Qg6 21. Rd1 Rac8 22. c5 h5 23. Rxd8+ Rxd8 24. cxb6 axb6 25. Qc7 Rd7 26. Qb8+ Kh7 27. Ne5 Qg5 28. Nxd7 Nxd7 29. Bxe4+ f5 30. Qd6 hxg4 31. Qxd7 fxe4 32. h4 Qe5 33. Re1 g3 34. Qd2 Qf5 35. Qe3 gxf2+ 36. Qxf2 Qg4+ 37. Kh2 1-0


[Site "https://www.chess.com"]

[Event "Titled Tuesday Blitz July 18 Late 2023"]
[White "Lewicki, Miroslaw"]
[Black "whiteglovethief"]
[WhiteFideId "1113380"]
[WhiteElo "2653"]
[BlackElo "2381"]
[Result "0-1"]
[Round "2"]
[TimeControl "180+2"]
[Date "2023.07.18"]
[WhiteClock "0:00:09"]
[BlackClock "0:01:29"]
[Board "117"]

1. e3 d5 2. Ke2 e5 3. d3 Nf6 4. Kd2 c5 5. Qe2 Nc6 6. Ke1 Be7 7. Qd1 O-O 8. g3 Ne8 9. Bg2 f5 10. Ne2 Nf6 11. b3 d4 12. exd4 cxd4 13. h3 Be6 14. Kf1 Rc8 15. Nd2 Nb4 16. Nc4 e4 17. a3 Nxc2 18. Qxc2 b5 19. Nf4 bxc4 20. Nxe6 cxd3 21. Nxd8 Rxc2 22. Ne6 Rfc8 23. Bf4 Nd5 24. Kg1 Kf7 25. Nxd4 Nxf4 26. gxf4 Rc1+ 27. Kh2 Rxa1 28. Rxa1 Bf6 29. Rb1 Bxd4 30. Kg3 Rc2 31. Rf1 d2 32. Rd1 Rc3+ 33. f3 e3 34. Bf1 Rxb3 35. Bc4+ Kf6 36. Kg2 Rxa3 37. Kf1 Rc3 38. Ba6 Rc6 39. Bb5 Rc1 40. Ke2 a5 41. Ba4 h6 42. h4 Rxd1 43. Bxd1 Kg6 44. Kd3 Bb6 45. Kc4 Kh5 46. Kd5 Kxh4 47. Ke5 Kg3 48. Kxf5 Kf2 49. Kg6 e2 50. Bxe2 Kxe2 51. Kxg7 d1=Q 52. f5 Bd4+ 53. Kg6 Kxf3 54. Kh5 Kf4+ 55. Kg6 h5 56. Kf7 h4 57. Kg6 h3 58. Kf7 h2 59. Ke6 h1=Q 60. Kd6 a4 61. Ke7 a3 62. Kd8 a2 63. Kc7 a1=Q 64. Kb8 Qc3 65. f6 Qb1# 0-1


[Site "https://www.chess.com"]

[Event "Titled Tuesday Blitz July 18 Late 2023"]
[White "Ovchinnikov, Vsevolod"]
[Black "Calin, Alexandru"]
[WhiteFideId "24176842"]
[BlackFideId "1222961"]
[WhiteElo "2631"]
[BlackElo "2377"]
[Result "1-0"]
[Round "2"]
[TimeControl "180+2"]
[Date "2023.07.18"]
[WhiteClock "0:00:07"]
[BlackClock "0:00:01"]
[Board "118"]

1. d4 Nf6 2. c4 e6 3. g3 d5 4. Nf3 dxc4 5. Bg2 c6 6. a4 Be7 7. O-O O-O 8. Ne5 Nbd7 9. Nxc4 Nb6 10. Ne5 Bd7 11. Nc3 Nbd5 12. e4 Nxc3 13. bxc3 c5 14. d5 exd5 15. exd5 Bd6 16. Nc4 Bf5 17. Re1 h6 18. Qb3 b6 19. a5 bxa5 20. Nxa5 Qd7 21. c4 Rfe8 22. Bb2 Ne4 23. Nc6 a6 24. Re3 Ng5 25. Rae1 Rxe3 26. Qxe3 Bh3 27. Bh1 Bf5 28. Bg2 Bh3 29. f4 Bxg2 30. Kxg2 Qh3+ 31. Kg1 Rc8 32. fxg5 hxg5 33. Qxg5 a5 34. Qxg7# 1-0


[Site "https://www.chess.com"]

[Event "Titled Tuesday Blitz July 18 Late 2023"]
[White "Lewtak, Damian"]
[Black "Willy, Stephen"]
[WhiteFideId "1141724"]
[BlackFideId "30981468"]
[WhiteElo "2622"]
[BlackElo "2375"]
[Result "0-1"]
[Round "2"]
[TimeControl "180+2"]
[Date "2023.07.18"]
[WhiteClock "0:00:02"]
[BlackClock "0:00:13"]
[Board "119"]

1. e4 Nc6 2. Nc3 e5 3. f4 Bc5 4. Nf3 d6 5. Bc4 Nf6 6. Qe2 Bg4 7. Bb5 Nh5 8. d3 Nxf4 9. Bxf4 exf4 10. Nd5 O-O 11. O-O-O Nd4 12. Nxd4 Bxe2 13. Nxe2 c6 14. d4 Bb6 15. Nxb6 axb6 16. Bc4 Qe7 17. Nc3 b5 18. Bb3 b4 19. Ne2 Qxe4 20. Rhe1 Qxg2 21. Nxf4 Qg5 22. Rf1 Rae8 23. Kb1 Re4 24. Nd3 c5 25. Rg1 Qh5 26. Rdf1 Rxd4 27. Nf4 Rxf4 28. Rxf4 d5 29. Rgf1 b5 30. Rf5 Qe2 31. Bxd5 g6 32. R5f2 Qe7 33. b3 Kg7 34. h3 f5 35. Bf3 Rd8 36. Re2 Qf6 37. Rfe1 Rd7 38. Bg2 c4 39. Re6 Rd1+ 40. Rxd1 Qxe6 41. Bf1 h5 42. Rc1 h4 43. c3 Qe4+ 44. Kb2 Qf4 45. bxc4 Qd2+ 46. Rc2 bxc3+ 47. Kb1 Qd1+ 48. Rc1 c2+ 49. Kb2 Qd4+ 50. Kxc2 bxc4 51. Rd1 Qf2+ 52. Kc3 Qxa2 53. Bxc4 Qa3+ 54. Bb3 Qc5+ 55. Kb2 Qe3 56. Rd7+ Kh6 57. Bc2 Qxh3 58. Rd6 Qg3 59. Bxf5 Qxd6 0-1


[Site "https://www.chess.com"]

[Event "Titled Tuesday Blitz July 18 Late 2023"]
[White "TimGrutter03"]
[Black "Todorovic, Bojan"]
[BlackFideId "917087"]
[WhiteElo "2585"]
[BlackElo "2373"]
[Result "1-0"]
[Round "2"]
[TimeControl "180+2"]
[Date "2023.07.18"]
[WhiteClock "0:01:01"]
[BlackClock "0:00:08"]
[Board "120"]

1. d4 g6 2. Nc3 Bg7 3. Bf4 d6 4. e3 Nd7 5. h4 Ngf6 6. Be2 c6 7. h5 Qa5 8. h6 Bf8 9. Qd2 e5 10. Bg5 Be7 11. O-O-O O-O 12. Kb1 Qc7 13. f4 e4 14. d5 c5 15. Nh3 a6 16. Nf2 Re8 17. Nfxe4 Nxe4 18. Nxe4 b5 19. Bxe7 Rxe7 20. Qc3 f5 21. Ng5 b4 22. Qd2 Nf6 23. Bf3 a5 24. Rhe1 c4 25. Qd4 Ne8 26. e4 c3 27. e5 Rb8 28. exd6 Nxd6 29. Qf6 Rxe1 30. Rxe1 Ba6 31. Re7 Qxe7 32. Qxe7 Re8 33. Qg7# 1-0


[Site "https://www.chess.com"]

[Event "Titled Tuesday Blitz July 18 Late 2023"]
[White "Topalov, Aleksandar"]
[Black "Velasco, Santiago"]
[WhiteFideId "925659"]
[BlackFideId "4401328"]
[WhiteElo "2372"]
[BlackElo "2585"]
[Result "1-0"]
[Round "2"]
[TimeControl "180+2"]
[Date "2023.07.18"]
[WhiteClock "0:00:50"]
[BlackClock "0:00:56"]
[Board "121"]

1. b3 Nf6 2. Bb2 g6 3. Bxf6 exf6 4. c4 d5 5. cxd5 Qxd5 6. e3 c6 7. Nf3 a5 8. Nc3 Qd8 9. a3 Na6 10. d4 Nc7 11. Be2 f5 12. O-O Be7 13. Qc2 O-O 14. Na4 Be6 15. Nc5 Bxc5 16. dxc5 a4 17. b4 Qf6 18. Nd4 Bd5 19. g3 Ne6 20. Rad1 Nxd4 21. Rxd4 Bb3 22. Qd2 h5 23. Rd6 Qe7 24. Bd1 Bd5 25. h4 Rfe8 26. Qd4 b6 27. Bc2 bxc5 28. Qxc5 Kh7 29. Rd1 Red8 30. R6xd5 Qxc5 31. Rxc5 Rxd1+ 32. Bxd1 Rd8 33. Bxa4 Rd3 34. Bxc6 Rxa3 1-0


[Site "https://www.chess.com"]

[Event "Titled Tuesday Blitz July 18 Late 2023"]
[White "Golubev, Mikhail"]
[Black "Silva, Pedro Gil Ferreira Da"]
[WhiteFideId "14100983"]
[BlackFideId "1946102"]
[WhiteElo "2582"]
[BlackElo "2372"]
[Result "1-0"]
[Round "2"]
[TimeControl "180+2"]
[Date "2023.07.18"]
[WhiteClock "0:00:43"]
[BlackClock "0:01:14"]
[Board "122"]

1. e4 c5 2. Nf3 d6 3. d4 cxd4 4. Nxd4 Nf6 5. Nc3 a6 6. Bc4 b5 7. Bb3 Bb7 8. O-O e6 9. Re1 Nbd7 10. a4 b4 11. Nd5 Nc5 12. Bg5 h6 13. Bxf6 gxf6 14. Qh5 Be7 15. Nf5 exf5 16. Nxf6+ Bxf6 17. Qxf7# 1-0


[Site "https://www.chess.com"]

[Event "Titled Tuesday Blitz July 18 Late 2023"]
[White "Merino Garcia, Rafael II"]
[Black "Pinero Rodriguez, Carlos Jose"]
[WhiteFideId "2209128"]
[BlackFideId "3901726"]
[WhiteElo "2370"]
[BlackElo "2579"]
[Result "0-1"]
[Round "2"]
[TimeControl "180+2"]
[Date "2023.07.18"]
[WhiteClock "0:00:10"]
[BlackClock "0:00:10"]
[Board "123"]

1. d4 Nf6 2. Nf3 e6 3. g3 c5 4. c4 cxd4 5. Nxd4 a6 6. Bg2 Nc6 7. O-O Be7 8. Nc3 Qc7 9. e4 O-O 10. Be3 d6 11. Rc1 Ne5 12. b3 Bd7 13. h3 Rac8 14. f4 Ng6 15. f5 Ne5 16. Qd2 Qb8 17. g4 h6 18. g5 hxg5 19. Bxg5 b5 20. cxb5 axb5 21. b4 Qa7 22. Kh1 Nc4 23. Qf2 Qb6 24. Rcd1 Ne5 25. Qg3 Rc4 26. Nce2 Rxb4 27. Rg1 Bd8 28. Be3 Nh5 29. Qf2 Qb8 30. Bf3 Nf6 31. Qg3 Ne8 32. Bh6 Bf6 33. Nf4 exf5 34. Nh5 g6 35. Bxf8 Kxf8 36. Nxf6 Nxf6 37. Qg5 Ng8 38. exf5 Rxd4 39. Rxd4 Nxf3 40. Qe3 Nxd4 41. fxg6 Bc6+ 42. Kh2 d5+ 43. Rg3 Nf5 44. g7+ Nxg7 45. Qc5+ Ne7 46. h4 Nf5 47. Qf2 Qxg3+ 48. Qxg3 Nxg3 49. Kxg3 d4 50. Kf4 Ng6+ 51. Kg3 Nxh4 52. Kf2 d3 53. Ke3 Be4 54. Kd2 f5 0-1


[Site "https://www.chess.com"]

[Event "Titled Tuesday Blitz July 18 Late 2023"]
[White "Dragomirescu, Robin-Alexandru"]
[Black "Romero Ruscalleda, Josep"]
[WhiteFideId "1213849"]
[BlackFideId "2231859"]
[WhiteElo "2578"]
[BlackElo "2367"]
[Result "1-0"]
[Round "2"]
[TimeControl "180+2"]
[Date "2023.07.18"]
[WhiteClock "0:00:28"]
[BlackClock "0:00:11"]
[Board "124"]

1. b3 g6 2. Bb2 Nf6 3. Bxf6 exf6 4. c4 Bg7 5. Nc3 O-O 6. Rc1 c6 7. g3 d6 8. Bg2 Nd7 9. Nf3 Ne5 10. O-O Bg4 11. Nd4 Qc8 12. f4 c5 13. Ndb5 Nc6 14. Nxd6 Qd7 15. Nde4 b6 16. Nd5 Qd8 17. h3 Be6 18. Nec3 Rc8 19. e3 f5 20. a3 Re8 21. Qf3 Na5 22. Qd1 a6 23. a4 Nc6 24. Qf3 b5 25. axb5 axb5 26. Nxb5 Nb4 27. Nxb4 cxb4 28. d4 Qb6 29. Qb7 Qa5 30. Ra1 Qd8 31. Ra7 Rb8 32. Qf3 Bd7 33. Nd6 Re6 34. c5 Qe7 35. Kf2 Re8 36. Nxe8 Qxe8 37. Ra8 1-0


[Site "https://www.chess.com"]

[Event "Titled Tuesday Blitz July 18 Late 2023"]
[White "Guzman Moneo, Alberto"]
[Black "Castaneda, Jhon David"]
[WhiteFideId "2209616"]
[BlackFideId "4405048"]
[WhiteElo "2363"]
[BlackElo "2577"]
[Result "0-1"]
[Round "2"]
[TimeControl "180+2"]
[Date "2023.07.18"]
[WhiteClock "0:01:14"]
[BlackClock "0:01:50"]
[Board "125"]

1. e4 c5 2. Nc3 Nc6 3. f4 e6 4. Nf3 a6 5. d4 cxd4 6. Nxd4 Qc7 7. Be3 Bb4 8. Bd3 d6 9. Qf3 Nf6 10. O-O-O Bxc3 11. bxc3 e5 12. Nf5 Bxf5 13. exf5 O-O 14. g4 d5 15. g5 e4 16. Qg3 Nh5 17. Qg4 exd3 18. Qxh5 dxc2 19. Rxd5 Qe7 20. Bc5 Qe4 21. Bxf8 Qxh1+ 22. Kxc2 Qxd5 23. Bxg7 Qxf5+ 24. Kb2 Kxg7 25. Qg4 Qxg4 0-1


[Site "https://www.chess.com"]

[Event "Titled Tuesday Blitz July 18 Late 2023"]
[White "Kretchetov, Alexandre"]
[Black "Rodriguez Santiago, Jaime"]
[WhiteFideId "4124588"]
[BlackFideId "3100898"]
[WhiteElo "2570"]
[BlackElo "2362"]
[Result "1-0"]
[Round "2"]
[TimeControl "180+2"]
[Date "2023.07.18"]
[WhiteClock "0:01:34"]
[BlackClock "0:00:18"]
[Board "126"]

1. d4 Nf6 2. c4 e6 3. Nc3 Bb4 4. Qc2 O-O 5. Bg5 d5 6. cxd5 exd5 7. e3 c5 8. dxc5 d4 9. O-O-O Bxc3 10. bxc3 Qa5 11. Bxf6 gxf6 12. cxd4 Nc6 13. Bc4 b5 14. Bb3 Nb4 15. Qd2 Bf5 16. Qb2 Nd3+ 17. Rxd3 Bxd3 18. Nf3 Bc4 19. Rd1 Qc7 20. h3 a5 21. Nd2 Be6 22. Ne4 Bxb3 23. axb3 Qe7 24. d5 Qxe4 25. Rd4 Qe5 26. d6 Qxc5+ 27. Kb1 Qf5+ 28. Ka2 Rfd8 29. Rg4+ Kf8 30. e4 Qe6 31. Qd2 Rxd6 32. Qh6+ Ke7 33. e5 Rd2+ 34. Qxd2 a4 35. exf6+ Ke8 36. Rg8# 1-0


[Site "https://www.chess.com"]

[Event "Titled Tuesday Blitz July 18 Late 2023"]
[White "Peatman, Carter"]
[Black "Manukyan, Artyom"]
[WhiteFideId "2096480"]
[BlackFideId "13305786"]
[WhiteElo "2360"]
[BlackElo "2563"]
[Result "0-1"]
[Round "2"]
[TimeControl "180+2"]
[Date "2023.07.18"]
[WhiteClock "0:00:05"]
[BlackClock "0:00:24"]
[Board "127"]

1. e4 Nf6 2. Nc3 d5 3. exd5 Nxd5 4. Nxd5 Qxd5 5. d4 Nc6 6. Nf3 Bg4 7. Be3 O-O-O 8. Be2 Qh5 9. c3 e5 10. h3 exd4 11. Nxd4 Bxe2 12. Qxe2 Qxe2+ 13. Nxe2 Ne5 14. O-O Nc4 15. Bc1 Bc5 16. b3 Ne5 17. Bf4 Nd3 18. Bg3 Rhe8 19. Nc1 h5 20. b4 Bb6 21. Nb3 g5 22. h4 g4 23. a4 a6 24. b5 f5 25. a5 Ba7 26. b6 cxb6 27. c4 f4 28. Bh2 bxa5 29. c5 Re4 30. Rxa5 Rd5 31. c6 Rxa5 32. cxb7+ Kc7 33. Nxa5 g3 34. b8=Q+ Kxb8 35. Rb1+ Kc8 36. Nc6 Bxf2+ 37. Kh1 Re1+ 38. Rxe1 Nxe1 39. Bg1 Kc7 40. Ne5 a5 41. Nc4 a4 42. Na3 Kd6 43. Nb1 Ke5 44. Nd2 Kd4 45. Nb1 Kd3 46. Na3 Nc2 47. Nb1 a3 48. Nd2 Kxd2 49. Bh2 gxh2 50. Kxh2 f3 51. Kh1 a2 52. Kh2 a1=Q 53. g4 Qg1+ 54. Kh3 hxg4# 0-1


[Site "https://www.chess.com"]

[Event "Titled Tuesday Blitz July 18 Late 2023"]
[White "Gerbelli Neto, Eduardo"]
[Black "Melnichuk, Mikhail"]
[WhiteFideId "2103281"]
[BlackFideId "14117533"]
[WhiteElo "2358"]
[BlackElo "2562"]
[Result "1-0"]
[Round "2"]
[TimeControl "180+2"]
[Date "2023.07.18"]
[WhiteClock "0:00:24"]
[BlackClock "0:00:00"]
[Board "128"]

1. e4 e5 2. Nf3 Nf6 3. Nc3 Nc6 4. d4 Bb4 5. Nxe5 Qe7 6. Bd3 Nxd4 7. Nf3 Nxe4 8. O-O Nxc3 9. bxc3 Bxc3 10. Nxd4 Bxa1 11. Re1 Bxd4 12. Rxe7+ Kxe7 13. Qg4 Bf6 14. Qe4+ Kd8 15. Qc4 Rf8 16. g4 d6 17. g5 Be7 18. f4 Be6 19. Qb5 b6 20. Qc6 Rc8 21. a4 Bd7 22. Qc4 f6 23. Bxh7 fxg5 24. fxg5 c5 25. Be4 Kc7 26. Qa6 Bc6 27. Qxa7+ Kd8 28. Bxc6 Rxc6 29. Qb8+ Rc8 30. Qxb6+ Kd7 31. a5 Rb8 32. Qa7+ Ke6 33. Bd2 Rb1+ 34. Kg2 Rd1 35. Be3 Re1 36. Bg1 Re2+ 37. Kg3 Rf1 38. Bxc5 Rc1 39. Bd4 Rcxc2 40. Qb6 Rg2+ 41. Kf3 Rcd2 42. Be3 Rde2 43. Qb3+ Kd7 44. Qb5+ Ke6 45. Qxe2 Rxe2 46. Kxe2 Kf5 47. a6 d5 48. a7 d4 49. Bxd4 1-0


[Site "https://www.chess.com"]